 Dungeon Crawl Stone Soup version 0.25-a0-513-ge77a69270c (webtiles) character file.

Game seed: 12424971788702236555, levelgen mode: deterministic

198922 DerDa the Destroyer (level 17, -3/122 HPs)
             Began as a Demonspawn Fire Elementalist on Feb 16, 2020.
             Was a High Priest of Sif Muna.
             Killed from afar by a deep elf mage (25 damage)
             ... with a bolt of magma
             ... on level 2 of the Elven Halls.
             The game lasted 03:36:41 (43111 turns).

DerDa the Destroyer (Demonspawn Fire Elementalist) Turns: 43111, Time: 03:36:42

Health: -3/122     AC: 11    Str: 14    XL:     17   Next: 82%
Magic:  23/34      EV: 18    Int: 21    God:    Sif Muna [*****.]
Gold:   1828       SH:  8    Dex: 16    Spells: 4/43 levels left

rFire    + . .     SeeInvis .   J - +4 scimitar (flame)
rCold    . . .     Gourm    .   T - +3 buckler {reflect}
rNeg     . . .     Faith    +   K - +2 robe {rC+}
rPois    +         Spirit   .   (helmet unavailable)
rElec    .         Reflect  +   G - +0 cloak
rCorr    .         Harm     .   t - +0 pair of gloves
MR       +....                  v - +2 pair of boots {run}
Stlth    ++++......             u - amulet of faith
HPRegen  0.30/turn              a - ring of poison resistance
MPRegen  0.24/turn              R - ring of fire

@: mighty, corroded, very slightly contaminated, quick
A: horns 3, iridescent scales 3, nightstalker 2, powered by pain 3
}: 1/15 runes: decaying
a: Channel Magic, Forget Spell, Divine Exegesis, Renounce Religion


You were on level 2 of the Elven Halls.
You worshipped Sif Muna.
Sif Muna was extremely pleased with you.
You were very hungry.

You visited 7 branches of the dungeon, and saw 31 of its levels.
You also visited: Sewer and Ice Cave.

You collected 2868 gold pieces.
You spent 1040 gold pieces at shops.

Inventory:

Hand Weapons
 B - the +8 rapier "Hypekh" {protect, rElec rPois SInv Stlth+, unknown}
   (You found it on level 1 of the Spider Nest)

   It grants its wielder temporary protection when it strikes (+7 to AC).
   It insulates you from electricity.
   It protects you from poison.
   It lets you see invisible.
   It makes you more stealthy.
 J - a +4 scimitar of flaming (weapon)
 V - the +11 hunting sling of Termination {vorpal, rF+ rC+ Dex+3 Stlth+}
   (You found it on level 5 of the Lair of Beasts)

   Any stone fired from it inflicts extra damage.
   It affects your dexterity (+3).
   It protects you from fire.
   It protects you from cold.
   It makes you more stealthy.
Missiles
 F - 50 poisoned darts (quivered)
 S - 130 sling bullets
Armour
 t - a +0 pair of gloves (worn)
 v - a +2 pair of boots of running (worn)
 G - a +0 cloak (worn)
 K - a +2 robe of cold resistance (worn)
 T - a +3 buckler of reflection (worn)
Magical Staves
 I - an uncursed staff of fire
Jewellery
 a - a ring of poison resistance (left hand)
 g - an uncursed ring of resist corrosion
 h - an uncursed ring of protection from cold
 l - an uncursed ring of flight
 u - an amulet of faith (around neck)
 Q - an uncursed amulet of magic regeneration
 R - a ring of fire (right hand)
 Z - the ring "Darimom" {rN+ SInv}
   (You found it on level 1 of the Lair of Beasts)

   [ring of positive energy]

   It protects you from negative energy.
   It lets you see invisible.
Wands
 b - a wand of paralysis (14)
 f - a wand of flame (25)
 p - a wand of digging (7)
 q - a wand of polymorph (9)
 y - a wand of random effects (16)
 O - a wand of disintegration (18)
 P - a wand of acid (14)
Scrolls
 i - 4 scrolls of enchant armour
 j - 15 scrolls of teleportation
 k - 8 scrolls of magic mapping
 n - 3 scrolls of fog
 o - 3 scrolls of immolation
 w - 2 scrolls of fear
 z - 2 scrolls of amnesia
 A - 8 scrolls of remove curse
 M - 5 scrolls of identify
Potions
 e - a potion of resistance
 m - 9 potions of brilliance
 r - 3 potions of agility
 s - 3 potions of cancellation
 x - 7 potions of magic
 D - 8 potions of curing
 E - 5 potions of heal wounds
 H - 5 potions of haste
 L - 3 potions of invisibility
 N - 4 potions of mutation
 X - 3 potions of might
Comestibles
 c - 19 rations
 d - 2 chunks of flesh


   Skills:
 + Level 8.3 Fighting
 + Level 7.9 Dodging
 - Level 1.7 Stealth
 - Level 4.0 Shields
 * Level 13.8 Spellcasting
 * Level 14.7 Conjurations
 * Level 3.3 Summonings
 - Level 5.0 Translocations
 + Level 1.7 Transmutations
 * Level 13.8 Fire Magic
 + Level 6.7 Ice Magic
 + Level 13.5 Invocations
 + Level 8.2 Evocations


You had 4 spell levels left.
You knew the following spells:

 Your Spells              Type           Power        Failure   Level  Hunger
a - Foxfire               Conj/Fire      ####         0%          1    None
b - Sticky Flame          Conj/Fire      #######.     1%          4    None
c - Fireball              Conj/Fire      #######...   1%          5    ###....
d - Starburst             Conj/Fire      #######...   1%          6    #####..
e - Orb of Destruction    Conj           ######....   9%          7    ######.
f - Hailstorm             Conj/Ice       ######..     1%          4    None
h - Irradiate             Conj/Tmut      #####.....   4%          5    ###....
i - Aura of Abjuration    Summ           ####......   30%         5    ###....
q - Blink                 Tloc           N/A          1%          2    None

Your spell library contained the following spells:

 Spells                   Type           Power        Failure   Level  Hunger
 Magic Dart               Conj           ####         0%          1    None
 Searing Ray              Conj           ######       0%          2    None
 Apportation              Tloc           #####.       1%          1    None
 Freeze                   Ice            ####         1%          1    None
 Shock                    Conj/Air       ####         1%          1    None
 Summon Small Mammal      Summ           ####         1%          1    None
 Call Imp                 Summ           ####....     1%          2    None
 Conjure Flame            Conj/Fire      #######.     1%          3    None
 Dazzling Flash           Conj/Hex       #####.       1%          3    None
 Frozen Ramparts          Ice            #####.       1%          3    None
 Ignite Poison            Fire/Tmut/Pois ######..     1%          3    None
 Inner Flame              Hex/Fire       ######..     1%          3    None
 Lesser Beckoning         Tloc           #####.....   1%          3    None
 Mephitic Cloud           Conj/Pois/Air  #####...     1%          3    None
 Static Discharge         Conj/Air       #####...     1%          3    None
 Stone Arrow              Conj/Erth      #####.       1%          3    None
 Iskenderun's Mystic Bla  Conj/Tloc      ######..     1%          4    None
 Beastly Appendage        Tmut           ###...       2%          1    None
 Shroud of Golubria       Chrm/Tloc      ####..       2%          2    None
 Recall                   Summ/Tloc      N/A          2%          3    None
 Fulminant Prism          Conj/Hex       #####.....   2%          4    None
 Sting                    Tmut/Pois      ###.         3%          1    None
 Sticks to Snakes         Tmut           ###.....     3%          2    None
 Call Canine Familiar     Summ           ####....     3%          3    None
 Ozocubu's Armour         Chrm/Ice       ####....     3%          3    None
 Animate Skeleton         Necr           N/A          4%          1    None
 Corona                   Hex            ##.....      4%          1    None
 Passwall                 Tmut/Erth      ###.....     4%          2    None
 Portal Projectile        Hex/Tloc       ####..       4%          3    None
 Summon Ice Beast         Ice/Summ       #####...     5%          4    None
 Poisonous Vapours        Pois/Air       ##....       7%          2    None
 Song of Slaying          Chrm           ##......     7%          2    None
 Summon Guardian Golem    Hex/Summ       ###.....     7%          3    None
 Ice Form                 Ice/Tmut       ####....     8%          4    None
 Spider Form              Tmut/Pois      ###.......   9%          3    None
 Tukima's Dance           Hex            ##......     13%         3    None
 Summon Lightning Spire   Summ/Air       ###.....     22%         4    None
 Petrify                  Tmut/Erth      ###.....     30%         4    None
 Cause Fear               Hex            ##........   41%         4    None
 Leda's Liquefaction      Hex/Erth       ##........   41%         4    None
 Olgreb's Toxic Radiance  Pois           ##......     41%         4    None
 Bolt of Magma            Conj/Fire/Erth ######....   2%          5    ###....
 Iskenderun's Battlesphe  Conj/Chrm      #####...     6%          5    ###....
 Lightning Bolt           Conj/Air       #####.....   6%          5    ###....
 Summon Forest            Summ/Tloc      ####......   22%         5    ###....
 Metabolic Englaciation   Hex/Ice        ####......   30%         5    ###....
 Summon Demon             Summ           ####......   30%         5    ###....
 Conjure Ball Lightning   Conj/Air       #####.....   32%         6    #####..
 Iron Shot                Conj/Erth      #####.....   32%         6    #####..
 Freezing Cloud           Conj/Ice/Air   #####.....   34%         6    #####..
 Ozocubu's Refrigeration  Ice            #####.....   38%         6    #####..
 Summon Mana Viper        Hex/Summ       ###.....     52%         5    ###....
 Alistair's Intoxication  Tmut/Pois      ###.....     63%         5    ###....
 Yara's Violent Unravell  Hex/Tmut       ###.......   63%         5    ###....
 Dispersal                Tloc           #####.....   65%         6    #####..
 Spellforged Servitor     Conj/Summ      ######....   67%         7    ######.
 Ignition                 Fire           #######...   69%         8    #######
 Excruciating Wounds      Chrm/Necr      ##........   77%         5    ###....
 Silence                  Hex/Air        ##........   77%         5    ###....
 Shadow Creatures         Summ           N/A          86%         6    #####..
 Simulacrum               Ice/Necr       ####......   86%         6    #####..
 Ring of Flames           Chrm/Fire      ######....   91%         7    ######.
 Eringya's Noxious Bog    Tmut/Pois      ###.......   99%         6    #####..
 Statue Form              Tmut/Erth      ###......    99%         6    #####..
 Deflect Missiles         Chrm/Air       ##........   100%        6    #####..
 Malign Gateway           Summ/Tloc      ####......   100%        7    ######.
 Monstrous Menagerie      Summ           ####......   100%        7    ######.
 Summon Greater Demon     Summ           ####......   100%        7    ######.
 Chain Lightning          Conj/Air       #####.....   100%        8    #######
 Discord                  Hex            ##........   100%        8    #######
 Disjunction              Tloc           #####.....   100%        8    #######
 Lehudib's Crystal Spear  Conj/Erth      #####.....   100%        8    #######
 Summon Horrible Things   Summ           ####......   100%        8    #######
 Glaciate                 Conj/Ice       ######....   100%        9    #######
 Shatter                  Erth           ##........   100%        9    #######
 Tornado                  Air            ##........   100%        9    #######


Dungeon Overview and Level Annotations

Branches:
Dungeon (15/15)            Temple (1/1) D:7            Lair (6/6) D:8
  Swamp (4/4) Lair:2       Spider (1/4) Lair:3        Slime (0/5) Lair:5
    Orc (2/2) D:9             Elf (2/3) Orc:2        Vaults (0/5) D:13
 Depths (0/5) D:15          Sewer (visited)           IceCv (visited)

Altars:
Ashenzari
Cheibriados
Dithmenos
Elyvilon
Fedhas
Gozag
Hepliaklqana
Kikubaaqudgha
Makhleb
Nemelex Xobeh
Okawaru
Qazlal
Ru
Sif Muna
Trog
Uskayaw
Vehumet
Wu Jian
Xom
Yredelemnul
Zin
The Shining One
Beogh
Jiyva

Shops:
D:4 [[?!?   D:8 =   D:14 [   D:15 =   Orc:2 :%[}

Portals:
Trove: D:13 (give +3 shadow dragon scales)

Annotations:
D:15 1 runed translucent door, Kohma's ghost, journeyman DrIE
Swamp:3 Soborki's ghost, adept MiBe


Innate Abilities, Weirdness & Mutations

You have a pair of large horns on your head.
You are completely covered in iridescent scales. (AC +6)
You are significantly more attuned to the shadows.
You are powered by pain.


Message History

The deep elf death mage is severely wounded.
The deep elf death mage twists and deforms.
The deep elf sorcerer is blasted with magical radiation!!
The deep elf sorcerer is almost dead.
The deep elf sorcerer twists and deforms.
The deep elf sorcerer barely misses you.
The deep elf death mage beckons forth a restless soul!
Unknown command.
Casting: Irradiate (safe; 4% risk of failure)
Confirm with . or Enter, or press ? or * to list all spells.
You erupt in a fountain of uncontrolled magic!
The deep elf death mage is blasted with magical radiation!!!
The deep elf death mage seems to return to its normal shape.
The lost soul assumes the form of the deep elf death mage and becomes anchored to this world!
The deep elf sorcerer is blasted with magical radiation!!!
You kill the deep elf sorcerer!
Sif Muna accepts your kill. The deep elf mage casts a spell at you.
The bolt of magma hits you!! You partially resist.
You die...

##.........####
#.......##....
###.).....###.#
#####...........#.##§#
#.....#.......#.##.#.#
####..#.......#°#....#
#.....##.....##°#....#
#.##..###...###°)..e.#
#.....####### #.@....#
#.##...### ##.e.....#
#.##.##..###.<.......#
#.##)##...............
#.##.##..<....###>####
#.)..##.......# .#
#.#####.......#
#....##.......#
##.#.##.......#


You could see a ghostly deep elf death mage and a deep elf mage.

Vanquished Creatures
  the Lernaean hydra (Swamp:4)
  Jorgrun (D:13)
  Kirke (D:14)
  2 deep elf sorcerers
  Aizul (Elf:1)
  A reaper (IceCv)
  An entropy weaver (Spider:1)
  Azrael (D:13)
  A fire dragon (D:13)
  Fannar (Lair:1)
  22 hydras
  The ghost of Oxit the Destroyer, a journeyman DsFE of Vehumet (Lair:4)
  Erolcha (D:13)
  3 shambling mangroves
  3 ghost crabs
  An ice dragon (Lair:1)
  A death knight (D:14)
  A centaur warrior (D:15)
  A catoblepas (D:15)
  2 ogre magi
  Erica (D:9)
  5 dancing weapons
  10 alligators
  9 two-headed ogres
  2 tengu warriors (D:15)
  2 spriggan berserkers (Swamp:3)
  5 orc high priests (Orc:2)
  4 deep elf knights (Elf:1)
  A deep troll (D:13)
  2 skeletal warriors
  14 swamp dragons
  A phantasmal warrior (D:15)
  2 spriggan druids
  An unseen horror (D:11)
  6 deep elf archers (Elf:1)
  A necromancer (D:15)
  A tengu zombie (D:15)
  4 orc knights
  Pikel (D:9)
  A wolf spider zombie (D:12)
  2 orb spiders (Spider:1)
  4 ugly things
  2 manticores
  An oklob plant (Lair:1)
  2 wolf spiders (Spider:1)
  An orc sorcerer (Orc:2)
  34 deep elf magi
  7 cyclopes
  3 moths of wrath
  A black mamba (Lair:6)
  3 ice statues
  18 elephants
  Psyche (D:12)
  A gargoyle (D:15)
  9 spiny frogs
  3 freezing wraiths
  2 rime drakes
  2 yaktaur zombies (D:15)
  A yaktaur skeleton (D:15)
  A tengu conjurer (D:14)
  9 komodo dragons
  10 ice devils (IceCv)
  A guardian mummy (D:15)
  4 trolls
  6 meliai
  26 hornets
  8 tyrant leeches
  2 jumping spiders (Spider:1)
  9 polar bears
  Grinder (D:5)
  19 blink frogs
  4 bog bodies
  Prince Ribbit (D:8)
  11 hippogriffs
  11 slime creatures
  4 air elementals
  42 yaks
  5 tarantellas (Spider:1)
  29 spriggans
  A human (D:14)
  5 basilisks
  A shadow (Swamp:3)
  4 redbacks (Spider:1)
  A water elemental (D:13)
  2 wraiths
  6 wyverns
  A human (shapeshifter) (D:13)
  Eustachio (D:5)
  5 fire elementals
  A steam dragon (D:13)
  4 hogs (D:14)
  2 hungry ghosts
  Menkaure (D:7)
  21 vampire mosquitoes
  15 wargs
  16 swamp worms
  8 insubstantial wisps (Swamp:3)
  2 acid dragons
  A soldier ant (D:13)
  A hell hound (D:13)
  15 water moccasins
  13 porcupines
  16 swamp drakes
  A slave (D:9)
  9 sky beasts
  14 ogres
  33 orc warriors
  11 ice beasts
  3 phantoms
  4 black bears
  4 eyes of draining
  4 boggarts (Lair:6)
  A tengu (shapeshifter) (Elf:1)
  31 wolves
  18 centaurs
  13 crocodiles
  6 big kobolds
  16 bullfrogs
  4 earth elementals
  A gnoll sergeant (D:10)
  A scorpion (D:8)
  34 killer bees
  20 wights
  6 electric eels
  A howler monkey (D:12)
  13 crimson imps
  A quasit (D:7)
  2 bullfrog zombies
  6 centaur zombies
  9 jellies
  24 orc wizards
  8 centaur skeletons
  A gnoll shaman (Orc:2)
  40 orc priests
  7 hounds
  4 bullfrog skeletons
  4 iguanas
  10 worker ants
  A hell rat (Lair:2)
  A howler monkey zombie (D:5)
  A worker ant zombie (D:8)
  13 adders
  14 gnolls
  3 shadow imps
  24 white imps
  5 ufetubi (IceCv)
  7 oozes
  2 adder skeletons (D:4)
  An adder zombie (D:5)
  A worm (D:3)
  A dart slug (D:1)
  7 leopard geckos
  97 orcs
  2 ball pythons
  4 bats
  5 giant cockroaches
  4 goblins
  7 hobgoblins
  9 jackals
  2 quokkas
  3 frilled lizards
  2 jackal skeletons
  33 kobolds
  A leopard gecko skeleton (D:5)
  A leopard gecko zombie (D:8)
  A quokka skeleton (D:5)
  2 quokka zombies
  12 rats
  4 plants
1197 creatures vanquished.

Vanquished Creatures (others)
  An alligator (Swamp:4)
  A spriggan (Swamp:3)
  An ugly thing (D:13)
  A deep elf mage (Elf:1)
  A cyclops (D:15)
  A tyrant leech (Swamp:2)
  A hornet (Swamp:3)
  A water elemental (D:13)
  A slave (D:9)
  A centaur (D:14)
  An electric eel (D:13)
  A quasit (D:9)
  A bullfrog simulacrum (D:13)
  A white imp (IceCv)
  6 ufetubi (IceCv)
  2 orcs (D:9)
  A fire vortex (D:5)
  1512 foxfires
  13 fungi
  3 plants
  3 withered plants
1554 creatures vanquished.

Grand Total: 2751 creatures vanquished

Notes
Turn   | Place    | Note
-------+----------+-------------------------------------------
     0 | D:1      | DerDa the Demonspawn Fire Elementalist began the quest for
                  | the Orb.
     0 | D:1      | Reached XP level 1. HP: 13/13 MP: 3/3
   184 | D:1      | Gained mutation: You sometimes gain a little power by
                  | taking damage. [demonic ancestry]
   184 | D:1      | Reached XP level 2. HP: 19/19 MP: 0/5
   815 | D:2      | Gained mutation: You sometimes gain power by taking damage.
                  | [demonic ancestry]
   815 | D:2      | Reached XP level 3. HP: 13/24 MP: 0/6
  1201 | D:2      | Reached skill level 2 in Conjurations
  1266 | D:2      | Found a shimmering blue altar of Sif Muna.
  1274 | D:2      | Became a worshipper of Sif Muna the Loreminder
  1647 | D:3      | Found a shadowy altar of Dithmenos.
  1896 | D:3      | Reached XP level 4. HP: 30/30 MP: 4/8
  2023 | D:4      | Learned a level 4 spell: Sticky Flame
  2258 | D:4      | Found Furch's Magic Scroll Shoppe.
  2266 | D:4      | Bought a scroll of identify for 22 gold pieces
  2266 | D:4      | Bought a scroll of noise for 11 gold pieces
  2266 | D:4      | Bought a scroll of remove curse for 33 gold pieces
  2266 | D:4      | Bought a scroll of teleportation for 33 gold pieces
  2266 | D:4      | Bought a scroll of amnesia for 38 gold pieces
  2303 | D:4      | Found Dummum's Magic Scroll Boutique.
  2322 | D:4      | Found Pebbaet's Distillery.
  2330 | D:4      | Bought a potion of degeneration for 11 gold pieces
  2449 | D:4      | Found Yboyptao's Armour Shop.
  2539 | D:4      | Found Ytocasa's Antique Armour Shoppe.
  2611 | D:4      | Gained mutation: You are partially covered in iridescent
                  | scales. (AC +2) [demonic ancestry]
  2611 | D:4      | Reached XP level 5. HP: 35/35 MP: 1/9
  2635 | D:4      | Reached skill level 3 in Conjurations
  2635 | D:4      | Reached skill level 1 in Invocations
  2748 | D:5      | Entered Level 5 of the Dungeon
  2794 | D:5      | Noticed a sky beast
  2827 | D:5      | Killed a sky beast
  2827 | D:5      | Gained mutation: You are slightly more attuned to the
                  | shadows. [demonic ancestry]
  2827 | D:5      | Reached XP level 6. HP: 29/41 MP: 2/11
  2851 | D:5      | Found a glowing drain.
  2870 | Sewer    | Entered a sewer
  2872 | Sewer    | Reached * piety under Sif Muna
  3080 | Sewer    | Found a glowing silver altar of Zin.
  3233 | D:5      | Noticed Eustachio
  3416 | D:5      | Found a glowing silver altar of Zin.
  3431 | D:5      | Noticed a sky beast
  3441 | D:5      | Killed a sky beast
  3490 | D:5      | Noticed Grinder
  3502 | D:5      | Killed Grinder
  3502 | D:5      | Reached skill level 4 in Conjurations
  3502 | D:5      | Gained mutation: You are mostly covered in iridescent
                  | scales. (AC +4) [demonic ancestry]
  3502 | D:5      | Reached XP level 7. HP: 39/46 MP: 5/13
  3507 | D:5      | Reached skill level 5 in Fire Magic
  3610 | D:5      | Learned a level 5 spell: Fireball
  3854 | D:5      | Reached ** piety under Sif Muna
  3885 | D:5      | Killed Eustachio
  3885 | D:5      | Reached skill level 5 in Spellcasting
  3885 | D:5      | Reached skill level 5 in Conjurations
  3885 | D:5      | Reached XP level 8. HP: 52/52 MP: 3/15
  4718 | D:6      | Found a bloodstained altar of Trog.
  5127 | D:4      | Bought a scroll of identify for 26 gold pieces
  5127 | D:4      | Bought a scroll of magic mapping for 45 gold pieces
  5127 | D:4      | Bought a scroll of identify for 26 gold pieces
  5127 | D:4      | Bought a scroll of identify for 26 gold pieces
  5144 | D:4      | Bought a potion of curing for 33 gold pieces
  5247 | D:7      | Reached skill level 6 in Conjurations
  5247 | D:7      | Reached skill level 5 in Invocations
  5402 | D:7      | Reached *** piety under Sif Muna
  5402 | D:7      | Reached XP level 9. HP: 55/57 MP: 3/18
  5715 | D:7      | Noticed Menkaure
  5730 | D:7      | Killed Menkaure
  6088 | D:7      | Found a staircase to the Ecumenical Temple.
  6098 | Temple   | Entered the Ecumenical Temple
  6314 | D:7      | Reached skill level 7 in Conjurations
  6479 | D:4      | Bought a glowing robe for 74 gold pieces
  7150 | D:8      | Reached **** piety under Sif Muna
  7166 | D:8      | Found Kaopt's Jewellery Shoppe.
  7444 | D:8      | Gained mutation: You are completely covered in iridescent
                  | scales. (AC +6) [demonic ancestry]
  7444 | D:8      | Reached XP level 10. HP: 63/63 MP: 17/21
  7482 | D:8      | Noticed Prince Ribbit
  7491 | D:8      | Killed Prince Ribbit
  7578 | D:8      | Reached skill level 8 in Conjurations
  7609 | D:8      | Found a staircase to the Lair.
  8083 | D:9      | Noticed Erica
  8086 | D:9      | Killed Erica
  8295 | D:9      | Found a staircase to the Orcish Mines.
  8321 | D:9      | Found a roughly hewn altar of Beogh.
  8322 | D:9      | Found a shattered altar of Ashenzari.
  8322 | D:9      | Found a shimmering altar of Xom.
  8322 | D:9      | Found an opulent altar of Gozag.
  8322 | D:9      | Found a sparkling altar of Nemelex Xobeh.
  8322 | D:9      | Found an ancient bone altar of Kikubaaqudgha.
  8322 | D:9      | Found a shattered altar of Ashenzari.
  8675 | D:9      | Noticed Pikel
  8686 | D:9      | Killed Pikel
  8686 | D:9      | Reached skill level 9 in Conjurations
  9192 | D:10     | Entered Level 10 of the Dungeon
  9254 | D:10     | Reached XP level 11. HP: 58/68 MP: 12/23
  9742 | D:10     | Reached ***** piety under Sif Muna
 10145 | D:10     | Identified Dieh's Grimoire of Feathery Attacks (Sif Muna
                  | gifted it to you on level 10 of the Dungeon)
 10145 | D:10     | Received a gift from Sif Muna
 10476 | D:10     | Reached skill level 10 in Conjurations
 10586 | D:10     | Noticed an orc knight
 10597 | D:10     | Killed an orc knight
 11331 | D:11     | Noticed an unseen horror
 11332 | D:11     | Killed an unseen horror
 11346 | D:11     | Noticed a green ugly thing
 11636 | D:10     | Reached skill level 1 in Evocations
 11677 | D:11     | Identified Sif Muna's Reference Book on Confrontation (Sif
                  | Muna gifted it to you on level 11 of the Dungeon)
 11677 | D:11     | Received a gift from Sif Muna
 11694 | D:11     | Reached skill level 1 in Fighting
 12106 | D:11     | Noticed a green ugly thing
 12107 | D:11     | Noticed a green ugly thing
 12194 | Lair:1   | Entered Level 1 of the Lair of Beasts
 12459 | Lair:1   | Noticed Fannar
 12462 | Lair:1   | Killed Fannar
 12462 | Lair:1   | Reached skill level 1 in Shields
 12462 | Lair:1   | Reached skill level 10 in Fire Magic
 12462 | Lair:1   | Gained mutation: You are significantly more attuned to the
                  | shadows. [demonic ancestry]
 12462 | Lair:1   | Reached XP level 12. HP: 77/77 MP: 9/25
 12829 | Lair:1   | Reached skill level 10 in Spellcasting
 13351 | Lair:1   | Got a shimmering glass ring
 13355 | Lair:1   | Identified the ring "Darimom" {rN+ SInv} (You found it on
                  | level 1 of the Lair of Beasts)
 13869 | Lair:1   | Noticed an ice dragon
 13894 | Lair:1   | Killed an ice dragon
 14252 | Lair:2   | Identified Sif Muna's Almanac of Shifting Earth (Sif Muna
                  | gifted it to you on level 2 of the Lair of Beasts)
 14252 | Lair:2   | Received a gift from Sif Muna
 14290 | Lair:2   | Reached skill level 11 in Conjurations
 14355 | Lair:2   | Reached skill level 10 in Invocations
 14371 | Lair:2   | Identified Raggim's Compendium of Boosts and Poisoning
 14511 | Lair:2   | Identified a scroll of acquirement
 14514 | Lair:2   | Identified a +2 pair of boots of running (You acquired it
                  | on level 2 of the Lair of Beasts)
 14732 | Lair:2   | Found a staircase to the Swamp.
 15669 | Lair:2   | Gained mutation: You have a pair of small horns on your
                  | head. [demonic ancestry]
 15669 | Lair:2   | Reached XP level 13. HP: 72/86 MP: 3/27
 15869 | Lair:2   | Learned a level 6 spell: Starburst
 15877 | Lair:2   | Learned a level 7 spell: Orb of Destruction
 16473 | Lair:3   | Identified Sif Muna's Tome of the Boosting Traveller (Sif
                  | Muna gifted it to you on level 3 of the Lair of Beasts)
 16473 | Lair:3   | Received a gift from Sif Muna
 16498 | Lair:3   | Learned a level 4 spell: Hailstorm
 16701 | Lair:3   | Found a hole to the Spider Nest.
 17971 | Lair:4   | Found a runed translucent door.
 17971 | Lair:4   | Noticed Oxit's ghost (journeyman DsFE)
 18111 | Lair:4   | Reached skill level 1 in Ice Magic
 18625 | Lair:5   | Found a dark tunnel.
 19184 | Lair:5   | Found a viscous altar of Jiyva.
 19185 | Lair:5   | Found a staircase to the Slime Pits.
 19385 | Lair:5   | Got a crude hunting sling
 19463 | Lair:5   | Identified the +11 hunting sling of Termination {vorpal,
                  | rF+ rC+ Dex+3 Stlth+} (You found it on level 5 of the Lair
                  | of Beasts)
 20089 | Lair:6   | Entered Level 6 of the Lair of Beasts
 20605 | Lair:6   | Identified Nonweitt's Guide on Malediction and Lightness
                  | (Sif Muna gifted it to you on level 6 of the Lair of
                  | Beasts)
 20605 | Lair:6   | Received a gift from Sif Muna
 20977 | Lair:6   | Reached skill level 12 in Conjurations
 21343 | Lair:6   | Gained mutation: You have a pair of horns on your head.
                  | [demonic ancestry]
 21343 | Lair:6   | Reached XP level 14. HP: 87/96 MP: 22/29
 21358 | Lair:6   | Reached skill level 5 in Dodging
 21549 | Lair:6   | Reached skill level 5 in Fighting
 22903 | Lair:4   | Killed Oxit's ghost
 23054 | Orc:1    | Entered Level 1 of the Orcish Mines
 23103 | Orc:1    | Reached skill level 5 in Evocations
 23243 | Orc:1    | Found a roughly hewn altar of Beogh.
 23315 | Orc:1    | Found a roughly hewn altar of Beogh.
 23498 | Orc:1    | Found Fyatuwke's Magic Scroll Boutique.
 23749 | Orc:1    | Identified Sif Muna's Papyrus of Unstable Orientation (Sif
                  | Muna gifted it to you on level 1 of the Orcish Mines)
 23749 | Orc:1    | Received a gift from Sif Muna
 23839 | Orc:2    | Entered Level 2 of the Orcish Mines
 23839 | Orc:2    | Found a staircase to the Elven Halls.
 24802 | Orc:2    | Received a gift from Sif Muna
 25198 | Orc:2    | Found Osiefair's Food Boutique.
 25199 | Orc:2    | Found Palis's Gadget Shop.
 25200 | Orc:2    | Found Cimeir's Antique Armour Shop.
 25201 | Orc:2    | Found Mieketze's Book Boutique.
 25206 | Orc:2    | Bought a runed leather armour for 130 gold pieces
 25206 | Orc:2    | Bought a glowing robe for 96 gold pieces
 25206 | Orc:2    | Bought a glowing robe for 96 gold pieces
 25554 | D:4      | Bought a glowing leather armour for 100 gold pieces
 26511 | D:12     | Identified Sif Muna's Almanac of Igneous Battle Magic (Sif
                  | Muna gifted it to you on level 12 of the Dungeon)
 26511 | D:12     | Received a gift from Sif Muna
 26667 | D:12     | Noticed Psyche
 26993 | D:12     | Killed Psyche
 27476 | D:13     | Noticed Azrael
 27484 | D:13     | Killed Azrael
 27505 | D:13     | Gained mutation: You have a pair of large horns on your
                  | head. [demonic ancestry]
 27505 | D:13     | Reached XP level 15. HP: 42/105 MP: 14/31
 27561 | D:13     | Found a portal to a secret trove of treasure.
 27628 | D:13     | Found a frozen archway.
 27666 | IceCv    | Entered an ice cave
 28128 | IceCv    | Identified Sif Muna's Guide on Nocuous Battle Magic (Sif
                  | Muna gifted it to you in an ice cave)
 28128 | IceCv    | Received a gift from Sif Muna
 28448 | D:13     | Noticed Erolcha
 28451 | D:13     | Killed Erolcha
 28458 | D:13     | Noticed Jorgrun
 28468 | D:13     | Killed Jorgrun
 28473 | D:13     | Reached skill level 13 in Conjurations
 28558 | D:13     | Paralysed by a deep elf mage for 3 turns
 28689 | D:12     | Learned a level 2 spell: Blink
 29288 | D:13     | Found a gate to the Vaults.
 29627 | D:14     | Reached skill level 1 in Translocations
 29704 | D:14     | Found Ajanwaal's Armour Emporium.
 30137 | D:14     | Received a gift from Sif Muna
 30166 | D:14     | Noticed Kirke
 30473 | D:14     | Killed Kirke
 30797 | D:15     | Entered Level 15 of the Dungeon
 30872 | D:15     | Found Otufua Huos's Jewellery Boutique.
 31150 | D:15     | Found a glowing silver altar of Zin.
 31155 | D:15     | Found a runed translucent door.
 31155 | D:15     | Noticed Kohma's ghost (journeyman DrIE)
 31524 | D:15     | Found a white marble altar of Elyvilon.
 31554 | D:15     | Reached skill level 5 in Ice Magic
 31910 | D:15     | Found a staircase to the Depths.
 32488 | D:8      | Bought an uncursed ring of poison resistance for 240 gold
                  | pieces
 32574 | Swamp:1  | Entered Level 1 of the Swamp
 32584 | Swamp:1  | Identified Sif Muna's Catalogue of Noxious Aid (Sif Muna
                  | gifted it to you on level 1 of the Swamp)
 32584 | Swamp:1  | Received a gift from Sif Muna
 32596 | Lair:2   | Gained mutation: You are powered by pain. [demonic
                  | ancestry]
 32596 | Lair:2   | Reached XP level 16. HP: 64/113 MP: 3/32
 35050 | Swamp:3  | Learned a level 5 spell: Irradiate
 35181 | Swamp:3  | Received a gift from Sif Muna
 35189 | Swamp:3  | Learned a level 5 spell: Aura of Abjuration
 35573 | Swamp:3  | Found a transporter.
 35855 | Swamp:3  | Identified the cursed +3 broad axe of Evil {vamp, SInv}
 35856 | Swamp:3  | Noticed Soborki's ghost (adept MiBe)
 36229 | Swamp:3  | Found a transporter.
 36644 | Swamp:4  | Entered Level 4 of the Swamp
 36785 | Swamp:4  | Reached skill level 5 in Translocations
 36786 | Swamp:4  | Reached skill level 14 in Conjurations
 37834 | Swamp:4  | Noticed the 27-headed Lernaean hydra
 37908 | Swamp:4  | Killed the 27-headed Lernaean hydra
 37908 | Swamp:4  | Reached XP level 17. HP: 94/122 MP: 5/34
 37980 | Swamp:4  | Got a decaying rune of Zot
 38138 | Swamp:3  | Found a bloodstained altar of Trog.
 38813 | Spider:1 | Entered Level 1 of the Spider Nest
 39435 | Spider:1 | Received a gift from Sif Muna
 39878 | Spider:1 | Got a brightly glowing rapier
 40183 | Elf:1    | Entered Level 1 of the Elven Halls
 40281 | Orc:2    | Reached skill level 1 in Summonings
 40867 | Elf:1    | Reached skill level 1 in Transmutations
 40892 | Elf:1    | Identified the Disquisition on Supportive Confrontation
 42358 | Elf:1    | Identified the +4 flail of Luijait {holy, rPois}
 42366 | Elf:1    | Noticed Aizul
 42375 | Elf:1    | Killed Aizul
 42375 | Elf:1    | Identified Sif Muna's Volume of Shifting Ice (Sif Muna
                  | gifted it to you on level 1 of the Elven Halls)
 42375 | Elf:1    | Received a gift from Sif Muna
 43111 | Elf:2    | Killed from afar by a deep elf mage

Levels and vault maps discovered:
D:1:      dpeg_arrival_three_same_balls, layout_basic, st_stairs_10
D:2:      layout_rooms, lemuel_crystal_altar, minmay_misc_feat_encased
D:3:      layout_rooms, lemuel_doored_altar
D:4:      layout_gridville, first_ration, serial_shops, shop,
          nicolae_shop_behind_doors, shop, shop_fountains, nicolae_shop_stone,
          cheibrodos_gnoll_hut
D:5:      cheibrodos_thug_alley, layout_gridville, zin_academy,
          portal_sewer_entry_f, uniq_eustachio, uniq_grinder
D:6:      layout_loops_ring, kennysheep_mini_moat,
          hangedman_decor_clover_reticule
D:7:      layout_cave_pools, minmay_temple_entry_antechambers, uniq_menkaure
D:8:      layout_cave_pools, due_lair_maze_entry_diamond, serial_shops,
          shop_fountains, hangedman_little_slice_of_home, minmay_diced_spiral,
          uniq_prince_ribbit1
D:9:      layout_loops_ring, doesnt_xom_only_xom, minmay_orc_entry_temple_small,
          uniq_pikel, uniq_erica
D:10:     lemuel_castle_with_subvaults [lemuel_castle_interior_carwin_3],
          layout_irregular_city
D:11:     layout_cave_pools
D:12:     layout_rooms, dk_noncrumbling_3, minivault_16, uniq_psyche
D:13:     layout_basic, david_vaults_4, serial_ice, serial_ice_a, serial_ice_e,
          serial_ice_m, serial_ice_f, serial_ice_j, serial_ice_b, serial_ice_n,
          serial_ice_h, serial_ice_g, serial_ice_c, portal_ice_cave_entry_imps,
          enter_trove_0, uniq_jorgrun, uniq_erolcha, uniq_azrael
D:14:     layout_irregular_city, grunt_decor_arrowhead, serial_shops,
          nicolae_shop_behind_doors, uniq_kirke
D:15:     gammafunk_depths_entry_grave, layout_layer_cave,
          hellmonk_ghost_happy_afterlife, elyvilon_altar_4, serial_shops, shop,
          lemuel_altar_in_water
Temple:   minmay_crystal_spiral_temple
Lair:1:   dragon1_lemuel, layout_chaotic_city, minmay_lair_oklob_chamber,
          uniq_fannar
Lair:2:   regret_index_combs_of_tragedy, layout_big_grid,
          minmay_swamp_entry_worms, grunt_megastairs_2
Lair:3:   layout_layer_cave, spider_nest_entry_web_field, minmay_holes
Lair:4:   layout_roguey, gammafunk_ghost_grave, minivault_11,
          grunt_megastairs_5, infiniplex_staircase_pool, serial_bayou_shore_b,
          lemuel_fruit_tree
Lair:5:   layout_layer_cave, slime_altar_1, nicolae_volcano_entry_lava_flow
Lair:6:   minmay_lair_end_enchanted_forest, layout_cave_shapes,
          small_statue_intersection
Swamp:1:  layout_basic_swamp, nicolae_swamp_dense_foliage
Swamp:2:  layout_falls_marsh, evilmike_swamp_ruin_house_3, swamp_pool3
Swamp:3:  layout_basic_swamp, gammafunk_ghost_wrathful_warriors,
          serial_swamp_ruin, evilmike_swamp_ruin_rubble_1,
          evilmike_swamp_ruin_house_6, evilmike_swamp_ruin_house_2, swamp_pool2
Swamp:4:  swamp_old_school, layout_basic_swamp
Spider:1: layout_chambers, hangedman_spider_trapstep
Orc:1:    layout_caves, serial_shops, shop, hangedman_feature_mirror
Orc:2:    st_orc_mages, layout_caves
Elf:1:    eino_elf_arrival_the_gate, layout_geoelf_grid, minmay_elf_sorcery,
          uniq_aizul
Elf:2:    layout_loops_cross, uniq_saint_roka

Skill      XL: |  1  2  3  4  5  6  7  8  9 10 11 12 13 14 15 16 17 |
---------------+----------------------------------------------------+-----
Fire Magic     | 3 4 5 6 7 8 10 11 12 13 | 13.8
Conjurations   | 2 3 4 5 6 7 9 10 11 12 13 14 | 14.7
Spellcasting   | 3 4 5 6 7 8 9 10 11 12 13 | 13.8
Invocations    | 1 3 5 6 8 9 10 11 12 13 | 13.5
Dodging        | 2 3 4 5 6 7 |  7.9
Evocations     | 1 3 4 5 6 7 8 |  8.2
Fighting       | 1 3 4 6 7 8 |  8.3
Shields        | 1 3 4 |  4.0
Ice Magic      | 2 4 5 6 |  6.7
Translocations | 3 5 |  5.0
Summonings     | 3 |  3.3
Transmutations | 1 |  1.7
Stealth        | |  1.7

Action                   |  1- 3 |  4- 6 |  7- 9 | 10-12 | 13-15 | 16-18 || total
-------------------------+-------+-------+-------+-------+-------+-------++-------
Melee: Mace              |    27 |     4 |       |       |       |       ||    31
       Flail             |       |    10 |       |       |       |       ||    10
       Short sword       |       |    21 |   101 |   212 |     2 |       ||   336
       Long sword        |       |       |     1 |   137 |    74 |       ||   212
       Scimitar          |       |       |       |     1 |   324 |   114 ||   439
       Headbutt          |       |       |       |       |    80 |    20 ||   100
       Staff             |       |       |       |       |    23 |       ||    23
Throw: Stone             |       |       |     1 |       |       |       ||     1
       Dart              |       |       |     2 |     8 |     1 |     1 ||    12
 Cast: Foxfire           |    67 |    64 |   211 |   321 |   218 |    29 ||   910
       Sticky Flame      |       |     6 |    31 |   144 |   219 |    61 ||   461
       Fireball          |       |       |     1 |    78 |   248 |   265 ||   592
       Starburst         |       |       |       |       |     6 |    14 ||    20
       Hailstorm         |       |       |       |       |    18 |     5 ||    23
       Orb of Destructio |       |       |       |       |     9 |    24 ||    33
       Blink             |       |       |       |       |     1 |     5 ||     6
       Irradiate         |       |       |       |       |       |     7 ||     7
Invok: Channel Magic     |       |       |       |     8 |    21 |    17 ||    46
 Abil: Evoke Flight      |       |       |       |       |       |     1 ||     1
Evoke: Wand              |       |       |       |       |     5 |       ||     5
  Use: Scroll            |       |     9 |     3 |    10 |    13 |     7 ||    42
       Potion            |       |     2 |       |       |     3 |       ||     5
 Stab: Sleeping          |     1 |       |     1 |     4 |     1 |       ||     7
  Eat: Chunk             |     4 |     6 |     7 |    54 |    85 |    35 ||   191
       Ration            |       |       |     3 |       |     7 |    14 ||    24
Armor: Robe              |    19 |    56 |    73 |   196 |   287 |    81 ||   712
Dodge: Dodged            |    28 |    85 |    95 |   284 |   467 |   174 ||  1133
Block: Buckler           |       |       |       |    11 |   297 |    87 ||   395
       Reflection        |       |       |       |       |    10 |     3 ||    13
       Rpst.: Long sword |       |       |       |    47 |    34 |       ||    81
       Scimitar          |       |       |       |       |    86 |    32 ||   118

Table legend:
 A = Non-vault XP
 B = Vault XP
 C = Vault XP percentage of total XP
 D = Non-vault monster count
 E = Vault monster count
 F = Vault count percentage of total count
                 A         B        C        D         E       F
            +---------+---------+-------+---------+---------+-------
      Total |  177616 |   99690 |  35.9 |     797 |     402 |  33.5
            +---------+---------+-------+---------+---------+-------
        D:1 |      26 |       7 |  21.2 |      15 |       1 |   6.2
        D:2 |      42 |       0 |   0.0 |      15 |       0 |   0.0
        D:3 |      30 |       0 |   0.0 |       8 |       0 |   0.0
        D:4 |      68 |      97 |  58.8 |       9 |       3 |  25.0
        D:5 |     768 |     597 |  43.7 |      20 |      16 |  44.4
        D:6 |     471 |       0 |   0.0 |      11 |       0 |   0.0
        D:7 |    1932 |     175 |   8.3 |      44 |       1 |   2.2
        D:8 |    1011 |    1363 |  57.4 |      22 |      19 |  46.3
        D:9 |    2009 |    1877 |  48.3 |      21 |      10 |  32.3
       D:10 |    4064 |    3996 |  49.6 |      51 |      52 |  50.5
       D:11 |    3828 |       0 |   0.0 |      36 |       0 |   0.0
       D:12 |    7857 |     890 |  10.2 |      42 |       2 |   4.5
       D:13 |    5008 |   12185 |  70.9 |      24 |      45 |  65.2
       D:14 |   10381 |    2796 |  21.2 |      40 |       5 |  11.1
       D:15 |   13062 |    4118 |  24.0 |      36 |       8 |  18.2
     Lair:1 |    8139 |    2550 |  23.9 |      43 |       3 |   6.5
     Lair:2 |    4366 |    6270 |  59.0 |      16 |      48 |  75.0
     Lair:3 |    2311 |       0 |   0.0 |      17 |       0 |   0.0
     Lair:4 |    4989 |    1384 |  21.7 |      17 |       4 |  19.0
     Lair:5 |    4689 |     121 |   2.5 |      16 |       1 |   5.9
     Lair:6 |   12020 |    8906 |  42.6 |      28 |      45 |  61.6
    Swamp:1 |    7384 |       0 |   0.0 |      14 |       0 |   0.0
    Swamp:2 |   13243 |       0 |   0.0 |      33 |       0 |   0.0
    Swamp:3 |   18783 |    6016 |  24.3 |      56 |      11 |  16.4
    Swamp:4 |    9295 |   19512 |  67.7 |      22 |      23 |  51.1
   Spider:1 |    5055 |    2444 |  32.6 |      13 |       7 |  35.0
      Orc:1 |    3045 |       0 |   0.0 |      25 |       0 |   0.0
      Orc:2 |    9505 |    6319 |  39.9 |      61 |      43 |  41.3
      Elf:1 |   20231 |   13070 |  39.2 |      36 |      19 |  34.5
      Elf:2 |    4004 |       0 |   0.0 |       6 |       0 |   0.0
      Sewer |       0 |     114 | 100.0 |       0 |      12 | 100.0
      IceCv |       0 |    4883 | 100.0 |       0 |      24 | 100.0
            +---------+---------+-------+---------+---------+-------
